 Dungeon Crawl Stone Soup version 0.26.1-11-gd32895ea62 (webtiles) character file.

Game seed: 17141151333871323450

53 jlumianski the Grasshopper (level 3, -1/31 HPs)
             Began as a Gnoll Warper on July 17, 2021.
             Slain by an orc wizard
             ... wielding a +0 dagger
              (4 damage)
             ... on level 2 of the Dungeon.
             The game lasted 00:05:56 (1537 turns).

jlumianski the Grasshopper (Gnoll Warper)           Turns: 1537, Time: 00:05:58

Health: -1/31      AC:  3    Str: 13    XL:     3   Next: 87%
Magic:  9/9        EV: 14    Int: 16    God:
Gold:   30         SH:  0    Dex: 14    Spells: 7/12 levels left

rFire    . . .     SeeInvis .   a - +0 hand axe
rCold    . . .     Faith    .   (no shield)
rNeg     . . .     Spirit   .   b - +0 leather armour
rPois    .         Reflect  .   (no helmet)
rElec    .         Harm     .   (no cloak)
rCorr    .         Rampage  .   (no gloves)
Will     .....                  (no boots)
Stlth    +.........             (no amulet)
HPRegen  0.10/turn              (no ring)
MPRegen  0.11/turn              (no ring)

@: no status effects
A: distributed training, fangs 1, strong nose
a: no special abilities


You were on level 2 of the Dungeon.
You visited 1 branch of the dungeon, and saw 2 of its levels.

You collected 30 gold pieces.

Inventory:

Hand Weapons
 a - a +0 hand axe (weapon)
Missiles
 e - 5 boomerangs of dispersal
 i - 33 arrows
 k - 46 bolts
 l - 64 stones (quivered)
Armour
 b - a +0 leather armour (worn)
Jewellery
 c - an uncursed ring of flight {unknown}
 n - an uncursed amulet of guardian spirit {unknown}
Scrolls
 d - a scroll of blinking
 f - a scroll of teleportation {unknown}
 g - a scroll of random uselessness {unknown}
 h - a scroll of noise {unknown}
 j - a scroll of identify {unknown}
 m - a scroll of amnesia {unknown}
 o - a scroll of remove curse {unknown}


   Skills:
 + Level 4.6 Fighting
 + Level 1.0 Short Blades
 + Level 1.0 Long Blades
 + Level 4.6 Axes
 + Level 1.0 Maces & Flails
 + Level 1.0 Polearms
 + Level 1.0 Staves
 + Level 1.0 Slings
 + Level 1.0 Bows
 + Level 1.0 Crossbows
 + Level 2.6 Throwing
 + Level 2.6 Armour
 + Level 4.6 Dodging
 + Level 1.0 Stealth
 + Level 1.0 Shields
 + Level 1.0 Unarmed Combat
 + Level 5.0 Spellcasting
 + Level 0.7 Conjurations
 + Level 0.7 Hexes
 + Level 0.7 Summonings
 + Level 0.7 Necromancy
 + Level 5.4 Translocations
 + Level 0.7 Transmutations
 + Level 0.7 Fire Magic
 + Level 0.7 Ice Magic
 + Level 0.7 Air Magic
 + Level 0.7 Earth Magic
 + Level 0.7 Poison Magic
 + Level 1.0 Invocations
 + Level 1.0 Evocations


You had 7 spell levels left.
You knew the following spells:

 Your Spells              Type           Power        Failure   Level
a - Blink                 Tloc           N/A          3%          2
b - Gell's Gravitas       Tloc           10%          6%          3

Your spell library contained the following spells:

 Spells                   Type           Power        Failure   Level
 Lesser Beckoning         Tloc           10%          6%          3
 Teleport Other           Tloc           21%          6%          3
 Passage of Golubria      Tloc           N/A          21%         4


Dungeon Overview and Level Annotations

Branches:
Dungeon (2/15)

Altars:


Innate Abilities, Weirdness & Mutations

Your experience applies equally to all skills.
You have very sharp teeth.
Your uncanny sense of smell can sniff out nearby items.


Message History

The magic dart hits you!
You barely miss the orc wizard.
The orc wizard is almost dead.
The orc wizard gestures wildly while chanting.
The orc wizard seems to speed up.
The orc wizard casts a spell at you. The puff of frost hits you!
* * * LOW HITPOINT WARNING * * *
You aren't carrying any items that you can evoke.
You hit the orc wizard but do no damage.
The orc wizard is almost dead.
The orc wizard points at you and mumbles some strange words.
The puff of frost misses you.
You hit the orc wizard. Your bite misses the orc wizard.
The orc wizard is almost dead.
The orc wizard casts a spell at itself.
The orc wizard flickers and vanishes!
Deactivating autopickup; reactivate with Ctrl-A.
Something hits you.
You die...

#..... ....# ......
#####...####.#?# #....#
#..........#...#
....#####..........#..#
.......##............###
...###........<........##
.......##...........##..########
....##.##..........#.....#.....##
...............{@...............#
.................................
.................<........†..)...
.................#..........†.<..
................#..).............
..............#..................
................##...............
...............####.............#
...................#...........##


There were no monsters in sight!

Vanquished Creatures
  An adder (D:2)
  A dart slug (D:1)
  2 leopard geckos (D:1)
  An orc (D:1)
  3 giant cockroaches
  5 goblins
  3 hobgoblins
  2 jackals (D:1)
  5 kobolds
  A quokka (D:2)
  2 bats (D:1)
  3 frilled lizards
  6 rats
35 creatures vanquished.

Notes
Turn   | Place    | Note
-------+----------+-------------------------------------------
     0 | D:1      | jlumianski the Gnoll Warper began the quest for the Orb.
     0 | D:1      | Reached XP level 1. HP: 20/20 MP: 6/6
    92 | D:1      | Reached XP level 2. HP: 26/26 MP: 7/7
   426 | D:1      | Learned a level 2 spell: Blink
   639 | D:1      | Reached XP level 3. HP: 31/31 MP: 9/9
   643 | D:1      | Learned a level 3 spell: Gell's Gravitas
   835 | D:1      | Reached skill level 5 in Spellcasting
  1139 | D:2      | Reached skill level 1 in Invocations
  1284 | D:2      | Reached skill level 1 in Short Blades
  1284 | D:2      | Reached skill level 1 in Long Blades
  1284 | D:2      | Reached skill level 1 in Maces & Flails
  1284 | D:2      | Reached skill level 1 in Polearms
  1284 | D:2      | Reached skill level 1 in Staves
  1284 | D:2      | Reached skill level 1 in Slings
  1284 | D:2      | Reached skill level 1 in Bows
  1284 | D:2      | Reached skill level 1 in Crossbows
  1284 | D:2      | Reached skill level 1 in Stealth
  1284 | D:2      | Reached skill level 1 in Shields
  1284 | D:2      | Reached skill level 1 in Unarmed Combat
  1284 | D:2      | Reached skill level 1 in Evocations
  1537 | D:2      | Slain by an orc wizard

Illustrated notes

Levels and vault maps discovered:
D:1:      amcnicky_arrival_feature_with_door, layout_basic, serial_park_tiny_2
D:2:      layout_rooms, minmay_pentomino_s2

Skill      XL: |  1  2  3 |
---------------+----------+-----
Spellcasting   | 5 |  5.0
Invocations    | 1 |  1.0
Short Blades   | 1 |  1.0
Long Blades    | 1 |  1.0
Maces & Flails | 1 |  1.0
Polearms       | 1 |  1.0
Staves         | 1 |  1.0
Slings         | 1 |  1.0
Bows           | 1 |  1.0
Crossbows      | 1 |  1.0
Stealth        | 1 |  1.0
Shields        | 1 |  1.0
Unarmed Combat | 1 |  1.0
Evocations     | 1 |  1.0
Fighting       | |  4.6
Axes           | |  4.6
Throwing       | |  2.6
Armour         | |  2.6
Dodging        | |  4.6
Conjurations   | |  0.7
Hexes          | |  0.7
Summonings     | |  0.7
Necromancy     | |  0.7
Translocations | |  5.4
Transmutations | |  0.7
Fire Magic     | |  0.7
Ice Magic      | |  0.7
Air Magic      | |  0.7
Earth Magic    | |  0.7
Poison Magic   | |  0.7

Action                   || total
-------------------------++-------
Melee: Hand axe          ||   100
       Bite              ||     7
Throw: Stone             ||    10
 Cast: Gell's Gravitas   ||     1
 Stab: Sleeping          ||     1
Armor: Leather armour    ||    13
Dodge: Dodged            ||    88
